 Dungeon Crawl Stone Soup version 0.30-a0-476-g330ca2eb8e (webtiles) character file.

Game seed: 9072307517899547242

571 cforsyth the Digger (level 7, 0/36 HPs)
             Began as a Gargoyle Earth Elementalist on Dec 21, 2022.
             Slain by a phantom (6 damage)
             ... on level 5 of the Dungeon.
             The game lasted 00:05:50 (3470 turns).

cforsyth the Digger (Gargoyle Earth Elementalist)   Turns: 3470, Time: 00:05:51

Health: 0/36       AC:  7    Str: 11    XL:     7   Next: 34%
Magic:  5/14       EV: 11    Int: 18    God:
Gold:   148        SH:  0    Dex: 10    Spells: 12/16 levels left

rFire   . . .      SeeInvis .    r - staff of earth
rCold   . . .      Faith    .    (no shield)
rNeg    + . .      Spirit   .    a - +0 robe
rPois   ∞          Reflect  .    i - +0 helmet
rElec   +          Harm     .    (no cloak)
rCorr   .          Rampage  .    (no gloves)
Will    .....                    (no boots)
Stlth   ++........               (no amulet)
HPRegen 0.26/turn                (no ring)
MPRegen 0.14/turn                (no ring)

@: no status effects
A: sickness immunity, AC +4, negative energy resistance 1, electricity
resistance, torment resistance 1, petrification resistance
a: no special abilities


You were on level 5 of the Dungeon.
You visited 1 branch of the dungeon, and saw 5 of its levels.

You collected 148 gold pieces.

Inventory:

Armour
 a - a +0 robe (worn)
 i - a +0 helmet (worn)
Magical Staves
 r - a staff of earth (weapon)
Jewellery
 h - a ring of ice
 n - an amulet of reflection
 o - a ring of protection from cold
 q - a ring of protection from cold
Wands
 s - a wand of light (5)
Scrolls
 c - 2 scrolls of identify {unknown}
 d - 2 scrolls of enchant armour {unknown}
 e - 3 scrolls of blinking {unknown}
 f - a scroll of amnesia {unknown}
 g - 4 scrolls of teleportation {unknown}
 k - a scroll of immolation {unknown}
 m - a scroll of magic mapping {unknown}
 p - a scroll of vulnerability {unknown}
Potions
 b - a potion of magic
 j - a potion of lignification {unknown}
 l - a potion of resistance {unknown}
 t - a potion of flight {unknown}


   Skills:
 - Level 1.5 Dodging
 - Level 2.1 Stealth
 + Level 5.1 Spellcasting
 + Level 1.4 Conjurations
 - Level 0.7 Transmutations
 + Level 7.3 Earth Magic


You had 12 spell levels left.
You knew the following spells:

 Your Spells              Type           Power      Damage    Failure   Level
a - Sandblast             Erth           92%        2d19      1%          1
b - Stone Arrow           Conj/Erth      60%        3d10      7%          3

Your spell library contained the following spells:

 Spells                   Type           Power      Damage    Failure   Level
 Passwall                 Tmut/Erth      23%        N/A       3%          2
 Petrify                  Tmut/Erth      28%        N/A       26%         4


Dungeon Overview and Level Annotations

Branches:
Dungeon (5/15)
 Temple: D:4-7

Altars:

Shops:
D:3 [


Innate Abilities, Weirdness & Mutations

You are immune to sickness and miasma.
Your stone body is resilient. (AC +4)
You are immune to poison.
You resist negative energy. (rN+)
You are resistant to electric shocks. (rElec)
You are resistant to unholy torment.
You are immune to petrification.


Message History

The blast of sand hits the ufetubus!
You kill the ufetubus!
Edmund hits you with a +3 flail of protection!
Edmund hits you with a +3 flail of protection.
Your Spellcasting skill increases to level 5!
Unknown command.
You are too injured to fight recklessly!
Unknown command.
Unknown command.
Casting: Sandblast (safe; 1% risk of failure)
Confirm with . or Enter, or press ? or * to list all spells.
Aiming: Sandblast (safe; 1% risk of failure)
Press: ? - help, Shift-Dir - straight line, f/p - Edmund
Aim: Edmund, wielding a +3 flail of protection and wearing a +0 scale mail (severely wounded, 87% to hit)
You feel a surge of power!
The blast of sand hits Edmund.
Edmund is almost dead.
Edmund hits you with a +3 flail of protection.
* * * LOW HITPOINT WARNING * * *
Casting: Sandblast (safe; 1% risk of failure)
Confirm with . or Enter, or press ? or * to list all spells.
Aiming: Sandblast (safe; 1% risk of failure)
Press: ? - help, Shift-Dir - straight line, f/p - Edmund
Aim: Edmund, wielding a +3 flail of protection and wearing a +0 scale mail (almost dead, 87% to hit)
You feel a surge of power!
The blast of sand hits Edmund!!
You kill Edmund!
The phantom hits you.
* * * LOW HITPOINT WARNING * * *
Your Conjurations skill increases to level 1!
Unknown command.
Okay, then.
Unknown command.
Casting: Sandblast (safe; 1% risk of failure)
Confirm with . or Enter, or press ? or * to list all spells.
Aiming: Sandblast (safe; 1% risk of failure)
Press: ? - help, Shift-Dir - straight line, f - phantom
Aim: a phantom (79% to hit)
You feel a surge of power!
The blast of sand hits the phantom!!
The phantom is severely damaged.
The phantom hits you.
You die...

#5 .# #. .#
###########!.##.
#.....@W.....#..
#.#########.##.#
#.# #. #.# .#
#.# #.##.# #.#
#.# #.# #....#
#... #.# ##.##
####.# #.#. #.#
#..>## #†# #...
##.# #.#..#
##.## #.#. ##..#
#....#
#..[####.#.


You could see a phantom.

Vanquished Creatures
  Sigmund (D:5)
  Edmund (D:5)
  An ice beast (D:5)
  A scorpion (D:5)
  An orc priest (D:5)
  3 adders
  An ufetubus (D:5)
  A worm (D:5)
  2 dart slugs
  3 orcs (D:5)
  6 bats
  12 endoplasms
  3 giant cockroaches
  7 goblins
  8 hobgoblins
  5 quokkas
  3 ball pythons
  7 frilled lizards
  4 kobolds
  7 rats
77 creatures vanquished.

Vanquished Creatures (others)
  2 plants (D:2)
2 creatures vanquished.

Grand Total: 79 creatures vanquished

Notes
Turn   | Place    | Note
-------+----------+-------------------------------------------
     0 | D:1      | cforsyth the Gargoyle Earth Elementalist began the quest
                  | for the Orb.
     0 | D:1      | Reached XP level 1. HP: 10/10 MP: 3/3
   139 | D:1      | Reached XP level 2. HP: 15/15 MP: 1/5
   141 | D:1      | Reached skill level 4 in Earth Magic
   513 | D:1      | Reached XP level 3. HP: 19/19 MP: 1/6
  1505 | D:2      | Reached XP level 4. HP: 24/24 MP: 4/8
  1569 | D:2      | Reached skill level 5 in Earth Magic
  2316 | D:3      | Found Zaurokk's Armour Boutique.
  3177 | D:4      | You fall into a shaft and drop 1 floor!
  3177 | D:5      | Entered Level 5 of the Dungeon
  3198 | D:5      | Noticed a scorpion
  3200 | D:5      | Killed a scorpion
  3201 | D:5      | Reached XP level 5. HP: 28/28 MP: 7/10
  3227 | D:5      | Noticed Edmund
  3268 | D:5      | Noticed an ice beast
  3276 | D:5      | Killed an ice beast
  3277 | D:5      | Reached skill level 6 in Earth Magic
  3277 | D:5      | Reached XP level 6. HP: 32/32 MP: 3/12
  3364 | D:5      | Learned a level 3 spell: Stone Arrow
  3373 | D:5      | Noticed Sigmund
  3380 | D:5      | Killed Sigmund
  3381 | D:5      | Reached skill level 7 in Earth Magic
  3381 | D:5      | Reached XP level 7. HP: 36/36 MP: 9/14
  3468 | D:5      | Reached skill level 5 in Spellcasting
  3469 | D:5      | Killed Edmund
  3470 | D:5      | Reached skill level 1 in Conjurations
  3470 | D:5      | Slain by a phantom

Illustrated notes

Levels and vault maps discovered:
D:1:      psy_arrival_statuary, layout_basic
D:2:      layout_loops_ring, serial_bayou_lagoon_a
D:3:      layout_loops_corners, serial_shops, nicolae_shop_trees
D:4:      layout_layer_cave, kennysheep_decorative_pillar, uniq_blork_the_orc,
          uniq_grinder, uniq_natasha
D:5:      layout_loops_ring, minitemple, uniq_sigmund, uniq_crazy_yiuf_cottage,
          uniq_edmund

Skill      XL: |  1  2  3  4  5  6  7 |
---------------+----------------------+-----
Earth Magic    | 4 5 6 7 |  7.3
Spellcasting   | 3 4 5 |  5.1
Conjurations   | 1 |  1.4
Dodging        | |  1.5
Stealth        | |  2.1
Transmutations | |  0.7

Action                   |  1- 3 |  4- 6 |  7- 9 || total
-------------------------+-------+-------+-------++-------
Melee: Unarmed           |     5 |       |       ||     5
 Cast: Sandblast         |    64 |    40 |    11 ||   115
Armor: Robe              |    15 |       |     1 ||    16
Dodge: Dodged            |    24 |     3 |     3 ||    30

Table legend: (Time is in decaauts)
 A = Elapsed time spent in this place.
 B = Non-inter-level travel time spent in this place.
 C = Inter-level travel time spent in this place.
 D = Time resting spent in this place.
 E = Time spent auto-exploring this place.
 F = Levels seen in this place.
 G = Mean time per level.
                   A        B        C        D        E       F      G
               +--------+--------+--------+--------+--------+-----+--------+
         Total |   3540 |   3433 |    107 |    132 |   2830 |   5 |  708.0 |
       Dungeon |   3540 |   3433 |    107 |    132 |   2830 |   5 |  708.0 |
               +--------+--------+--------+--------+--------+-----+--------+

Top non-repeatable levels by time:
     D:1: 1228 daAuts
     D:3: 1020 daAuts
     D:2: 972 daAuts
     D:5: 304 daAuts
     D:4: 14 daAuts
